 Dungeon Crawl Stone Soup version 0.30-a0-845-g7c6808c8ce (webtiles) character file.

Game seed: 1997213343113754789

2199 Demosthentine the Trooper (level 9, -3/103 HPs)
             Began as a Demonspawn Gladiator on Mar 2, 2023.
             Was a Follower of Qazlal.
             Shot with a bolt by an orc (7 damage)
             ... in a bailey.
             The game lasted 00:08:19 (6957 turns).

Demosthentine the Trooper (Demonspawn Gladiator)    Turns: 6957, Time: 00:08:20

Health: -3/103     AC:  9    Str: 16    XL:     9   Next: 12%
Magic:  18/18      EV: 15    Int:  9    God:    Qazlal [*.....]
Gold:   316        SH:  1    Dex: 18    Spells: 8/8 levels left

rFire   + . .      SeeInvis .    a - +1 trident (freeze)
rCold   + . .      Faith    .    (no shield)
rNeg    . . .      Spirit   .    u - +2 leather armour {rC+}
rPois   .          Reflect  .    x - +2 hat
rElec   .          Rampage  .    (no cloak)
rCorr   .                        (no gloves)
Will    .....                    (no boots) Stlth
                                 (no amulet)
HPRegen 0.37/turn                g - ring of protection from fire
MPRegen 0.16/turn                j - ring of magical power

@: berserking, very quick
A: antennae 1, yellow scales 1, powered by death 2, powered by pain 2
a: Renounce Religion


You were in a bailey.
You worshipped Qazlal.
Qazlal was aware of your devotion.
You visited 2 branches of the dungeon, and saw 8 of its levels.
You also visited: Bailey.

You collected 342 gold pieces.
You spent 26 gold pieces at shops.

Inventory:

Hand Weapons
 a - a +1 trident of freezing (weapon)
Missiles
 e - a javelin (quivered)
Armour
 u - a +2 leather armour of cold resistance (worn)
 x - a +2 hat (worn)
Jewellery
 g - a ring of protection from fire (left hand)
 j - a ring of magical power (right hand)
 l - a ring of ice
Wands
 q - a wand of iceblast (4)
 r - a wand of flame (11)
Scrolls
 b - a scroll of enchant weapon
 d - a scroll of identify
 f - 3 scrolls of teleportation
 h - a scroll of amnesia
 o - 2 scrolls of magic mapping
Potions
 c - a potion of might
 i - 2 potions of brilliance
 k - 2 potions of flight
 m - 4 potions of mutation {unknown}
 n - a potion of berserk rage
 p - 2 potions of curing
 s - a potion of resistance
 t - a potion of magic


   Skills:
 + Level 6.3 Fighting
 + Level 6.2 Polearms
 - Level 1.7 Throwing
 + Level 5.3 Armour
 + Level 6.1 Dodging


You had 8 spell levels left.
You didn't know any spells.
Your spell library contained the following spells:

 Spells                   Type           Power      Damage    Failure   Level
 Ignite Poison            Fire/Tmut/Pois 0%         N/A       82%         3
 Ozocubu's Armour         Ice            0%         N/A       82%         3
 Sticky Flame             Conj/Fire      0%         2d3       99%         4
 Metabolic Englaciation   Hex/Ice        0%         N/A       100%        5
 Simulacrum               Ice/Necr       0%         N/A       100%        6
 Ignition                 Fire           0%         3d3       100%        8


Dungeon Overview and Level Annotations

Branches:
Dungeon (7/15)             Temple (1/1) D:6          Bailey (1/1)

Altars:
Ashenzari
Cheibriados
Dithmenos
Fedhas
Gozag
Hepliaklqana
Kikubaaqudgha
Makhleb
Okawaru
Qazlal
Ru
Trog
Uskayaw
Vehumet
Wu Jian

Shops:
D:1 ?   D:6 :

Portals:
Abyss: D:3

Annotations:
D:3 2 transporters, demibob's ghost, weakling DsWn
D:6 1 runed translucent door, zenocrate's ghost, novice OpTm


Innate Abilities, Weirdness & Mutations

You have a pair of small antennae on your head.
You are partially covered in yellow scales. (AC +2)
You regenerate health from kills.
You sometimes gain power by taking damage.


Message History

The orc warrior shoots a bolt.
The bolt hits you but does no damage.
The orc warrior shoots a bolt.
The bolt closely misses you.
The orc shoots a bolt.
The bolt hits you!
* * * LOW HITPOINT WARNING * * *
You feel better.
The orc warrior shoots a bolt.
The bolt hits you!
* * * LOW HITPOINT WARNING * * *
The orc shoots a bolt.
The bolt barely misses you.
Okay, then.
Okay, then.
Okay, then.
The orc shoots a bolt.
The bolt barely misses you.
The orc warrior unwields a +0 arbalest.
You block the orc warrior's attack.
The orc unwields a +0 arbalest.
The orc closely misses you.
The orc shoots a bolt.
The bolt completely misses you.
You completely miss the orc warrior. The orc warrior closely misses you.
The orc hits you but does no damage.
The orc shoots a bolt.
The bolt closely misses you.
You miss the orc warrior. The orc warrior barely misses you.
The orc barely misses you.
The orc shoots a bolt.
The bolt misses you.
A red film seems to cover your vision as you go berserk!
You feel yourself moving faster!
You feel mighty! The orc warrior misses you. The orc misses you.
The orc shoots a bolt.
The bolt hits you but does no damage.
You puncture the orc warrior! You freeze the orc warrior.
The orc warrior is severely wounded.
The orc warrior barely misses you. The orc closely misses you.
You miss the orc warrior.
The orc warrior is severely wounded.
You feel a little less mighty now. The orc warrior hits you.
* * * LOW HITPOINT WARNING * * *
You miss the orc warrior.
The orc warrior is severely wounded.
The orc closely misses you.
The orc shoots a bolt.
You block the bolt.
You hit the orc warrior but do no damage.
The orc warrior is severely wounded.
The orc warrior hits you.
* * * LOW HITPOINT WARNING * * *
The orc misses you.
The orc shoots a bolt.
The bolt hits you!
You die...

###############
.............∩#
............∩.#
..............#
..........○§..#
~~~≈≈≈≈≈~..@..#
~~≈≈###≈≈.o.o.#
~~≈##.##≈..o..#
~~~....#≈.....#
~ #∩.##≈.....#
~≈##.#≈≈.....#
~≈≈≈~≈≈~.....#
~~~~~~~~.....#
~~~~~~)).....#


You could see an orc warrior and 2 orcs.

Vanquished Creatures
  Pikel (D:7)
  Grinder (D:6)
  A water moccasin (D:4)
  Duvessa (D:7)
  An orc warrior (Bailey)
  A black bear (D:5)
  2 ogres
  A centaur (D:6)
  A lemure (D:7)
  A kobold brigand (D:6)
  2 bullfrogs
  A scorpion (D:6)
  Dowan (D:7)
  A howler monkey (D:6)
  2 orc priests (D:6)
  A gnoll bouda (Temple)
  4 hounds
  A jelly (D:6)
  2 sleepcaps (D:5)
  Terence (D:3)
  4 gnolls
  6 adders
  4 worms
  27 orcs
  7 ball pythons
  6 bats
  4 endoplasms
  5 giant cockroaches
  11 goblins
  6 hobgoblins
  8 jackals
  7 quokkas
  3 frilled lizards
  12 kobolds
  3 rats
140 creatures vanquished.

Notes
Turn   | Place    | Note
-------+----------+-------------------------------------------
     0 | D:1      | Demosthentine the Demonspawn Gladiator began the quest for
                  | the Orb.
     0 | D:1      | Reached XP level 1. HP: 16/16 MP: 1/1
    30 | D:1      | Gained mutation: You sometimes gain a little power by
                  | taking damage. [demonic ancestry]
    30 | D:1      | Reached XP level 2. HP: 16/22 MP: 2/2
   227 | D:1      | Reached skill level 1 in Armour
   235 | D:1      | Gained mutation: You regenerate a little health from kills.
                  | [demonic ancestry]
   235 | D:1      | Reached XP level 3. HP: 18/28 MP: 3/3
   683 | D:1      | Found The Oracle's Delphic Readings.
   687 | D:1      | Bought a scroll of identify for 26 gold pieces
   739 | D:1      | Found a faded altar of an unknown god.
  1527 | D:2      | Gained mutation: You sometimes gain power by taking damage.
                  | [demonic ancestry]
  1527 | D:2      | Reached XP level 4. HP: 34/34 MP: 4/4
  2095 | D:3      | Noticed Terence
  2128 | D:3      | Killed Terence
  2284 | D:3      | Noticed demibob's ghost (weakling DsWn)
  2285 | D:3      | Found a one-way gate to the infinite horrors of the Abyss.
  2507 | D:3      | Found a transporter.
  2512 | D:3      | Found a transporter.
  2522 | D:3      | Noticed a small abomination
  2643 | D:3      | Reached XP level 5. HP: 41/41 MP: 5/5
  2965 | D:4      | Noticed a water moccasin
  2978 | D:4      | Killed a water moccasin
  2983 | D:4      | Reached XP level 6. HP: 15/47 MP: 6/6
  3819 | D:5      | Entered Level 5 of the Dungeon
  4581 | D:5      | Gained mutation: You regenerate health from kills. [demonic
                  | ancestry]
  4581 | D:5      | Reached XP level 7. HP: 27/54 MP: 7/7
  4985 | D:6      | Found a staircase to the Ecumenical Temple.
  4992 | D:6      | Noticed Grinder
  5014 | D:6      | Paralysed by Grinder for 2 turns
  5032 | D:6      | Killed Grinder
  5049 | Temple   | Entered the Ecumenical Temple
  5375 | Temple   | Became a worshipper of Qazlal Stormbringer
  5393 | D:6      | Reached skill level 5 in Polearms
  5397 | D:6      | Reached skill level 5 in Fighting
  5397 | D:6      | Reached skill level 5 in Dodging
  5397 | D:6      | Gained mutation: You have a pair of small antennae on your
                  | head. [demonic ancestry]
  5397 | D:6      | Reached XP level 8. HP: 24/62 MP: 8/8
  5525 | D:6      | Found Urerofru's Book Shoppe.
  5758 | D:6      | Found a bloodstained altar of Trog.
  5759 | D:6      | Found an ornate altar of the Wu Jian Council.
  5839 | D:6      | Found an opulent altar of Gozag.
  5907 | D:6      | Noticed zenocrate's ghost (novice OpTm)
  5908 | D:6      | Found a runed translucent door.
  6134 | D:6      | Found an iron altar of Okawaru.
  6684 | D:7      | Noticed Pikel
  6714 | D:7      | Killed Pikel
  6715 | D:7      | Reached skill level 5 in Armour
  6740 | D:7      | Found a flagged portal.
  6742 | D:7      | Noticed Dowan
  6743 | D:7      | Noticed Duvessa
  6753 | D:7      | Killed Dowan
  6754 | D:7      | Gained mutation: You are partially covered in yellow
                  | scales. (AC +2) [demonic ancestry]
  6754 | D:7      | Reached XP level 9. HP: 50/69 MP: 9/9
  6758 | D:7      | Killed Duvessa
  6765 | D:7      | Reached * piety under Qazlal
  6770 | Bailey   | Entered a bailey
  6957 | Bailey   | HP: 4/103 [orc warrior (4)]
  6957 | Bailey   | Shot with a bolt by an orc

Illustrated notes

Levels and vault maps discovered:
D:1:      ncdulo_wetmaze, layout_loops_cross,
          dilly_ecumenical_altar_fadedgnrine, nicolae_nh_oracle_at_delphi
D:2:      minmay_evil_eye, layout_basic
D:3:      layout_loops_ring, gammafunk_ghost_abyssal_escape,
          nicolae_elevator_lobby_asterisk, uniq_terence
D:4:      layout_gridville
D:5:      layout_loops_corners
D:6:      layout_loops_ring, mainiacjoe_overflow_small_starburst,
          nicolae_overflow_hidden_temple, minmay_temple_entry_junction_2,
          serial_shops, nicolae_inconvenience_store,
          hellmonk_ghost_happy_afterlife, nicolae_hexahallways, st_stairs_8,
          uniq_grinder
D:7:      layout_rooms, enter_bailey_5, uniq_duvessa, uniq_pikel
Temple:   nicolae_temple_slightly_damp_pantheon
Bailey:   bailey_polearm_2, bailey

Skill      XL: |  1  2  3  4  5  6  7  8 |
---------------+-------------------------+-----
Polearms       | 3 4 5 6 |  6.2
Dodging        | 3 4 5 6 |  6.1
Armour         | 1 2 3 4 5 |  5.3
Fighting       | 3 4 5 6 |  6.3
Throwing       | |  1.7

Action                     |  1- 3 |  4- 6 |  7- 9 || total
---------------------------+-------+-------+-------++-------
  Melee: Trident           |   141 |   198 |   240 ||   579
         Punch             |       |     2 |     2 ||     4
  Throw: Throwing net      |     1 |     1 |     1 ||     3
    Use: Scroll            |     4 |     8 |     8 ||    20
         Potion            |       |     5 |     3 ||     8
   Stab: Sleeping          |     4 |     5 |       ||     9
         Held in net/web   |       |     1 |     1 ||     2
 Armour: Leather armour    |    33 |    38 |    69 ||   140
         Skin              |       |    14 |       ||    14
  Dodge: Dodged            |    81 |   136 |   221 ||   438
  Block: Other             |       |       |     5 ||     5

Table legend: (Time is in decaauts)
 A = Elapsed time spent in this place.
 B = Non-inter-level travel time spent in this place.
 C = Inter-level travel time spent in this place.
 D = Time resting spent in this place.
 E = Time spent auto-exploring this place.
 F = Levels seen in this place.
 G = Mean time per level.
                   A        B        C        D        E       F      G
               +--------+--------+--------+--------+--------+-----+--------+
         Total |   7017 |   6785 |    232 |    485 |   4976 |   9 |  779.7 |
       Dungeon |   6392 |   6160 |    232 |    350 |   4642 |   7 |  913.1 |
        Temple |    438 |    438 |      0 |    132 |    250 |   1 |  438.0 |
        Bailey |    186 |    186 |      0 |      3 |     84 |   1 |  186.0 |
               +--------+--------+--------+--------+--------+-----+--------+

Top non-repeatable levels by time:
     D:6: 1269 daAuts
     D:2: 1196 daAuts
     D:5: 1149 daAuts
     D:3: 998 daAuts
     D:1: 918 daAuts
     D:4: 753 daAuts
  Temple: 438 daAuts
  Bailey: 186 daAuts
     D:7: 107 daAuts
